 Seeded DCSS version 0.28-a0-773-g130ae17fe5 (webtiles) character file.

Game seed: 8187633931974095378 (custom seed)

127 flotson the Sneak (level 4, -6/36 HPs)
             Began as a Demonspawn Delver on Nov 1, 2021.
             Killed from afar by a white imp (8 damage)
             ... with a puff of frost
             ... summoned by Natasha
             ... on level 4 of the Dungeon.
             The game lasted 00:06:00 (3248 turns).

flotson the Sneak (Demonspawn Delver)               Turns: 3248, Time: 00:06:01

Health: -6/36      AC:  6    Str: 13    XL:     4   Next: 85%
Magic:  4/4        EV:  6    Int: 11    God:
Gold:   141        SH: 16    Dex: 15    Spells: 3/3 levels left

rFire   . . .      SeeInvis .   a - +1 hand axe (flame)
rCold   . . .      Faith    .   f - +0 tower shield
rNeg    . . .      Spirit   .   e - +0 ring mail
rPois   .          Reflect  .   (no helmet)
rElec   .          Harm     .   (no cloak)
rCorr   .          Rampage  .   j - +0 pair of gloves
Will    .....                   (no boots)
Stlth   ++........              (no amulet)
HPRegen 0.12/turn               (no ring)
MPRegen 0.09/turn               (no ring)

@: no status effects
A: hooves 1, condensation shield
a: no special abilities


You were on level 4 of the Dungeon.
You visited 1 branch of the dungeon, and saw 5 of its levels.

You collected 141 gold pieces.

Inventory:

Hand Weapons
 a - a +1 hand axe of flaming (weapon)
Missiles
 d - 29 poisoned darts (quivered)
Armour
 e - a +0 ring mail (worn)
 f - a +0 tower shield (worn)
 j - a +0 pair of gloves (worn)
Jewellery
 l - a ring of fire
Wands
 g - a wand of digging (2)
Scrolls
 c - a scroll of fog
 i - 3 scrolls of identify {unknown}
 k - a scroll of blinking {unknown}
 m - a scroll of vulnerability {unknown}
 n - 2 scrolls of noise {unknown}
 p - a scroll of teleportation {unknown}
Potions
 h - 2 potions of attraction {unknown}
 o - a potion of lignification {unknown}


   Skills:
 + Level 3.6 Fighting
 - Level 1.7 Axes
 + Level 1.5 Throwing
 + Level 1.6 Armour
 + Level 2.5 Dodging
 - Level 4.5 Stealth
 + Level 1.6 Shields


You had 3 spell levels left.
You didn't know any spells.
Your spell library was empty.

Dungeon Overview and Level Annotations

Branches:
Dungeon (5/15)
 Temple: D:4-7

Altars:
Yredelemnul

Annotations:
D:4 Edmund, Natasha


Innate Abilities, Weirdness & Mutations

You have large cloven feet.
A meltable shield of frost defends you. (SH +4)


Message History

Edmund is lightly wounded.
You block Edmund's attack.
The crimson imp blinks!
You hit Edmund but do no damage.
Edmund is lightly wounded.
You block Edmund's attack.
Edmund hits you with a +4 flail of protection!
You hit Edmund but do no damage.
Edmund is lightly wounded.
Edmund hits you with a +4 flail of protection.
Edmund barely misses you.
You are too injured to fight recklessly!
You are too injured to fight recklessly!
Unknown command.
You see here a quokka corpse.
Natasha extends her claws.
You see here a quokka corpse.
Natasha mumbles some strange words.
The crimson imp blinks!
Edmund says, "People accused me of being a cutpurse!"
Edmund says, "People will remember me!
They'll remember me and die!"
Unknown command.
Edmund says, "People think my brother is the best.
I think he's crazy."
Natasha casts a spell.
Natasha mumbles some strange words.
The hobgoblin hits you but does no damage.
You hit the hobgoblin. You burn the hobgoblin. You kick the hobgoblin.
The hobgoblin is almost dead.
You hit Edmund.
Edmund hits you with a +4 flail of protection!
* * * LOW HITPOINT WARNING * * *
You block the hobgoblin's attack.
Edmund hits you with a +4 flail of protection.
* * * LOW HITPOINT WARNING * * *
You closely miss the hobgoblin.
The hobgoblin is almost dead.
You closely miss Edmund. You block the hobgoblin's attack.
You block Edmund's attack. The hobgoblin barely misses you.
The white imp gestures at you. The puff of frost hits you!
You die...

# #.#####.##........,,,,,* #
#.......##..######****,* #
####.#####..# *,* #
#...,,$..# *,* # #####*##.#
*,* **** #.# *,* ...#* #.#
*,* #.#.#**** #g# *,*
,*#*,,,,########@# *,*
.,,,***,#.....h@.##********,*
..*,**#.#..5...5.......,,,,,*
.###.##.#..############******
## *#[.....# .###.##.##.#
.†#.#*#.##5# .#†####.##.#
........##h#


You could see Edmund, Natasha, a white imp (summoned), a shadow imp (summoned)
and a hobgoblin.

Vanquished Creatures
  4 adders
  2 worms
  A dart slug (D:2)
  5 orcs (D:3)
  4 ball pythons
  4 bats
  7 endoplasms
  8 giant cockroaches
  8 goblins
  A hobgoblin (D:1)
  7 jackals
  4 quokkas
  4 frilled lizards
  4 kobolds
  10 rats
73 creatures vanquished.

Notes
Turn   | Place    | Note
-------+----------+-------------------------------------------
     0 | D:5      | flotson the Demonspawn Delver began the quest for the Orb.
     0 | D:5      | Reached XP level 1. HP: 18/18 MP: 1/1
    10 | D:5      | Noticed a bullfrog
    81 | D:4      | Noticed Natasha
    98 | D:4      | Noticed a killer bee
   103 | D:4      | Noticed a killer bee
   103 | D:4      | Noticed a killer bee
   104 | D:4      | Noticed Edmund
   104 | D:4      | Noticed a killer bee
   426 | D:3      | Gained mutation: A meltable shield of frost defends you.
                  | (SH +4) [demonic ancestry]
   426 | D:3      | Reached XP level 2. HP: 14/24 MP: 2/2
   979 | D:3      | Found a basalt altar of Yredelemnul.
   984 | D:3      | Gained mutation: You have large cloven feet. [demonic
                  | ancestry]
   984 | D:3      | Reached XP level 3. HP: 18/29 MP: 3/3
  1120 | D:3      | Reached skill level 1 in Armour
  1120 | D:3      | Reached skill level 1 in Shields
  1261 | D:3      | Reached skill level 1 in Throwing
  1654 | D:3      | Noticed an ogre
  1693 | D:2      | Reached XP level 4. HP: 35/35 MP: 4/4
  1770 | D:1      | Found a faded altar of an unknown god.
  3248 | D:4      | Killed from afar by a white imp

Illustrated notes

Levels and vault maps discovered:
D:1:      giann_forest_graveyard, layout_loops_ring,
          hellmonk_ecumenical_altar_lost_god, minmay_worlds_worst_comb
D:2:      layout_basic
D:3:      cheibrodos_thug_alley, layout_loops_ring, yredelemnul_altar_generic,
          minmay_pentangle
D:4:      layout_loops_ring, lightli_sewer_entry_pipes,
          chequers_serial_rivers_marsh, minmay_cut_off, uniq_blork_the_orc,
          uniq_edmund, uniq_natasha
D:5:      layout_basic, nicolae_uskayaw_suspiria, mainiacjoe_overflow_alcove_4,
          minmay_temple_entry_trees, hangedman_glass_teeth, uniq_pikel

Skill      XL: |  1  2  3 |
---------------+----------+-----
Dodging        | 2 |  2.5
Armour         | 1 |  1.6
Shields        | 1 |  1.6
Throwing       | 1 |  1.5
Fighting       | |  3.6
Axes           | |  1.7
Stealth        | |  4.5

Action                   |  1- 3 |  4- 6 || total
-------------------------+-------+-------++-------
Melee: Hand axe          |   102 |    96 ||   198
       Kick              |     7 |    25 ||    32
Throw: Dart              |     6 |       ||     6
Evoke: Wand              |     1 |       ||     1
  Use: Scroll            |     2 |     1 ||     3
       Potion            |     1 |       ||     1
 Stab: Sleeping          |     4 |     7 ||    11
Armor: Leather armour    |     4 |       ||     4
       Ring mail         |    26 |    18 ||    44
Dodge: Dodged            |    23 |    12 ||    35
Block: Tower shield      |    93 |    84 ||   177

Table legend: (Time is in decaauts)
 A = Elapsed time spent in this place.
 B = Non-inter-level travel time spent in this place.
 C = Inter-level travel time spent in this place.
 D = Time resting spent in this place.
 E = Time spent auto-exploring this place.
 F = Levels seen in this place.
 G = Mean time per level.
                   A        B        C        D        E       F      G
               +--------+--------+--------+--------+--------+-----+--------+
         Total |   3372 |   3340 |     32 |    121 |   2428 |   5 |  674.4 |
       Dungeon |   3372 |   3340 |     32 |    121 |   2428 |   5 |  674.4 |
               +--------+--------+--------+--------+--------+-----+--------+

Top non-repeatable levels by time:
     D:3: 1650 daAuts
     D:1: 862 daAuts
     D:2: 588 daAuts
     D:4: 206 daAuts
     D:5: 63 daAuts
